 Dungeon Crawl Stone Soup version 0.17-a0-981-gf8a484a (webtiles) character file.

45 Jine the Cudgeler (level 3, -6/27 HPs)
             Began as a Demonspawn Gladiator on May 11, 2015.
             Mangled by katzbalger's ghost (14 damage)
             ... on level 3 of the Dungeon.
             The game lasted 00:07:59 (1886 turns).

Jine the Cudgeler (Demonspawn Gladiator)            Turns: 1886, Time: 00:07:59

Health: -6/27      AC:  4    Str: 21      XL:     3   Next: 42%
Magic:  3/3        EV: 13    Int: 11 (14) God:
Gold:   55         SH:  0    Dex: 15      Spells: 0 memorised, 2 levels left

rFire  . . .     SeeInvis .     a - +0 flail
rCold  . . .     Clarity  .     b - +0 leather armour
rNeg   . . .     SustAb   .     (no shield)
rPois  .         Gourm    .     c - +0 helmet
rElec  .         Spirit   .     (no cloak)
rCorr  .         Warding  .     (no gloves)
rMut   .         Stasis   .     (no boots)
MR     .....                    (no amulet)
Stlth  ++........               (no ring)
                                (no ring)

@: mighty, brilliant, not resistant to hostile enchantments, unstealthy
A: thin skeletal structure 1, powered by death 1
a: no special abilities


You were on level 3 of the Dungeon.
You were not hungry.

You visited 1 branch of the dungeon, and saw 3 of its levels.

You collected 55 gold pieces.

Inventory:

Hand weapons
 a - a +0 flail (weapon)
 p - a +0 short sword
Missiles
 d - 3 throwing nets (quivered)
Armour
 b - a +0 leather armour (worn)
 c - a +0 helmet (worn)
 s - a +0 chain mail
 w - a +0 helmet
Jewellery
 m - a +3 ring of slaying {unknown}
 o - an uncursed ring of sustain abilities {unknown}
Scrolls
 f - a scroll of immolation {unknown}
 g - 2 scrolls of enchant weapon {unknown}
 h - 2 scrolls of identify {unknown}
 i - 2 scrolls of noise {unknown}
 j - a scroll of recharging {unknown}
 l - 2 scrolls of remove curse {unknown}
 q - a scroll of fear {unknown}
 u - 2 scrolls of fog {unknown}
Potions
 e - a potion of brilliance
Comestibles
 k - a meat ration
 r - a royal jelly


   Skills:
 + Level 2.0 Fighting
 + Level 3.3 Maces & Flails
 + Level 1.8 Throwing
 + Level 1.0 Armour
 + Level 3.1 Dodging


You had 2 spell levels left.
You didn't know any spells.

Dungeon Overview and Level Annotations

Branches:
Dungeon (3/15)

Altars:
Nemelex Xobeh
Vehumet

Annotations:
D:3 katzbalger's ghost, average KoHu


Innate Abilities, Weirdness & Mutations

You have a somewhat thin skeletal structure (Dex +2, Stealth).
You can steal the life force of nearby defeated enemies.


Message History

Katzbalger's ghost hits you!
* * * LOW HITPOINT WARNING * * *
It was a potion of brilliance.
You feel clever all of a sudden. Katzbalger's ghost misses you.
It was a potion of curing.
You feel better.
Katzbalger's ghost completely misses you.
You feel better. Katzbalger's ghost hits you!
* * * LOW HITPOINT WARNING * * *
Unknown command.
It was a potion of degeneration.
There was something very wrong with that liquid.
You feel dopey.
Katzbalger's ghost whispers, "It is all a dream - a grotesque and foolish dream."
Katzbalger's ghost completely misses you.
It was a potion of might.
You feel very mighty all of a sudden. Katzbalger's ghost hits you!
Ouch! That really hurt!
You die...

#........... ###.......#
#. #.#.. #......#.<#.
#.#.. ### #......#..#.#
..#.. ..# #.†....#.....
#.#.# #.# #......##....
#.#.# #.# #.....<''....
#.#.#+#.#
#......##....##.#(....#
#......##....W@.......#
##.######....##.......#
#.# #.... ###†....# #.#
#.... #......# #.####
##+## #>#....# #....#
#.#....... #####'''######
###.#.#####..
#####...########...#....
..
§§§.#...#§§§§§##..........
.


You could see katzbalger's ghost.

Vanquished Creatures
  2 giant geckos
  2 giant cockroaches (D:2)
  5 goblins
  6 hobgoblins (D:1)
  7 jackals
  A bat (D:1)
  3 giant newts
  9 kobolds (D:1)
  4 rats
39 creatures vanquished.

Notes
Turn   | Place    | Note
--------------------------------------------------------------
     0 | D:1      | Jine, the Demonspawn Gladiator, began the quest for the Orb.
     0 | D:1      | Reached XP level 1. HP: 16/16 MP: 1/1
   379 | D:1      | Gained mutation: You can steal the life force of nearby defeated enemies. [demonic ancestry]
   379 | D:1      | Reached XP level 2. HP: 5/22 MP: 2/2
   473 | D:1      | Reached skill level 3 in Maces & Flails
   977 | D:1      | Gained mutation: You have a somewhat thin skeletal structure (Dex +2, Stealth). [demonic ancestry]
   977 | D:1      | Reached XP level 3. HP: 27/27 MP: 3/3
  1660 | D:2      | Found a radiant altar of Vehumet.
  1771 | D:3      | Found a sparkling altar of Nemelex Xobeh.
  1851 | D:3      | Reached skill level 1 in Armour
  1871 | D:3      | Noticed katzbalger's ghost (average KoHu)
  1886 | D:3      | Mangled by katzbalger's ghost

Vault maps used:
D:1:      wheals_arrival_shading
D:2:      nicolae_overflow_hidden_temple
D:3:      corexii_shack_village, lemuel_crystal_altar, old_standard_altar,
          nemelex_altar_shiori

Action                   || total
-------------------------++-------
Melee: Flail             ||   143
  Use: Potion            ||     5
  Eat: Bread ration      ||     1
